 Dungeon Crawl Stone Soup version 0.21.1-1-g345015fe64 (webtiles) character file.

93 Oravi the Cutter (level 4, 0/30 HPs)
             Began as a Halfling Fighter on Apr 11, 2018.
             Killed by nerve-wracking pain
             ... invoked by an orc priest
              (9 damage)
             ... on level 2 of the Dungeon.
             The game lasted 00:06:34 (1673 turns).

Oravi the Cutter (Halfling Fighter)                 Turns: 1673, Time: 00:06:35

Health: 0/30       AC:  5    Str: 22    XL:     4   Next: 92%
Magic:  0/4        EV: 10    Int:  6    God:
Gold:   95         SH: 10    Dex: 14    Spells: 3/3 levels left

rFire    . . .     SeeInvis .   a - +1 rapier
rCold    + . .     Gourm    .   c - +0 shield
rNeg     . . .     Faith    .   t - +0 ring mail
rPois    .         Spirit   +   (no helmet)
rElec    .         Reflect  .   s - scarf {Spirit}
rCorr    .         Harm     .   (no gloves)
MR       .....                  (no boots)
Stlth    +.........             (no amulet)
HPRegen  0.10/turn              o - ring of protection from cold
MPRegen  0.09/turn              (no ring)

@: mighty
A: small, mutation resistance 1
a: no special abilities


You were on level 2 of the Dungeon.
You were not hungry.

You visited 1 branch of the dungeon, and saw 3 of its levels.

You collected 95 gold pieces.

Inventory:

Hand Weapons
 a - a +1 rapier (weapon)
Missiles
 e - 76 stones (quivered)
Armour
 b - a +0 scale mail
 c - a +0 shield (worn)
 s - a scarf of spirit shield (worn)
 t - a +0 ring mail (worn)
Jewellery
 o - a ring of protection from cold (left hand)
Scrolls
 k - 2 scrolls of remove curse
 l - 2 scrolls of teleportation
Potions
 h - a potion of cancellation
 i - 2 potions of invisibility
 j - 2 potions of lignification
 m - a potion of curing
 n - a potion of flight {unknown}
 p - a potion of mutation {unknown}
 q - a potion of haste {unknown}
 r - a potion of heal wounds {unknown}
Comestibles
 f - 4 rations


   Skills:
 - Level 2.6 Fighting
 + Level 5.7 Short Blades
 - Level 3.2 Armour
 - Level 3.2 Shields


You had 3 spell levels left.
You didn't know any spells.

Dungeon Overview and Level Annotations

Branches:
Dungeon (3/15)

Altars:
Nemelex Xobeh


Innate Abilities, Weirdness & Mutations

You are small and have problems with some larger weapons.
You are somewhat resistant to further mutation.


Message History

You hit the orc priest but do no damage.
The orc priest hits you.
You hit the orc priest.
The orc priest is lightly wounded.
The orc priest barely misses you.
You hit the orc priest but do no damage.
The orc priest is lightly wounded.
The orc priest invokes the aid of Beogh against you.
Pain shoots through your body!
You feel very mighty all of a sudden.
The orc priest casts a cantrip, but nothing happens.
You closely miss the orc priest.
The orc priest is lightly wounded.
The orc priest hits you.
* * * LOW HITPOINT WARNING * * *
You puncture the orc priest!
The orc priest is severely wounded.
The orc priest calls down the wrath of Beogh upon you.
Pain shoots through your body!
You die...

.##.#.....##.....#.............##
###.##############......######.#.
##..# #########.........# #...
#..####......##.##......# ###...
#.####..........######### #.....
..###..........## #.##..
...............####### ##.....
.####..........##....# ##...##.
## #...........@o...# #.......
#..........##....# ###....##.
####........###....###......##.
###...........####...##.......#..
#..............#####............#
....#..........................##
..###...............#..........#
.####...>......................#
...##..........................#


You could see an orc priest.

Vanquished Creatures
  A crimson imp (D:2)
  2 adders (D:2)
  2 dart slugs (D:2)
  2 leopard geckos
  2 orcs (D:3)
  A ball python (D:1)
  A giant cockroach (D:2)
  5 jackals
  A quokka (D:2)
  6 bats
  3 frilled lizards
  5 kobolds
  5 rats
36 creatures vanquished.

Notes
Turn   | Place    | Note
-------+----------+-------------------------------------------
     0 | D:1      | Oravi the Halfling Fighter began the quest for the Orb.
     0 | D:1      | Reached XP level 1. HP: 15/15 MP: 1/1
   111 | D:1      | Found a sparkling altar of Nemelex Xobeh.
   331 | D:1      | Reached skill level 3 in Short Blades
   336 | D:1      | Reached XP level 2. HP: 17/20 MP: 2/2
   873 | D:2      | Reached skill level 4 in Short Blades
   873 | D:2      | Reached XP level 3. HP: 16/25 MP: 3/3
  1070 | D:2      | Reached skill level 5 in Short Blades
  1070 | D:2      | Reached XP level 4. HP: 25/30 MP: 4/4
  1673 | D:2      | Killed from afar by an orc priest

Skill      XL: |  1  2  3 |
---------------+----------+-----
Short Blades   | 3 4 5 |  5.7
Fighting       | |  2.6
Armour         | |  3.2
Shields        | |  3.2

Action                   |  1- 3 |  4- 6 || total
-------------------------+-------+-------++-------
Melee: Rapier            |    94 |    47 ||   141
  Use: Scroll            |     5 |     4 ||     9
       Potion            |       |     1 ||     1
  Eat: Chunk             |       |     3 ||     3
Armor: Scale mail        |    50 |    16 ||    66
Dodge: Dodged            |    38 |    17 ||    55
Block: Shield            |    54 |    24 ||    78
